 Dungeon Crawl Stone Soup version 0.16-a0-269-gd5b6136 (webtiles) character file.

14829 PotatoesMaster the Hoplite (level 11, -4/99 HPs)
             Began as a Minotaur Fighter on Aug 25, 2014.
             Was a High Priest of Okawaru.
             Slain by a ten-headed hydra (13 damage)
             ... on Level 4 of the Lair of Beasts on Aug 26, 2014.
             The game lasted 00:56:01 (11813 turns).

PotatoesMaster the Hoplite (Minotaur Fighter)      Turns: 11813, Time: 00:56:01

HP  -4/99        AC 12     Str 24      XL: 11   Next: 93%
MP   6/6         EV 13     Int  5      God: Okawaru [*****.]
Gold 521         SH 14     Dex 11      Spells:  0 memorised, 10 levels left

rFire  . . .     SeeInvis .     r - +8 long sword (holy)
rCold  + . .     Clarity  .     w - +3 ring mail {rPois}
rNeg   . . .     rCorr    .     L - +2 shield
rPois  +         rRot     .     (helmet restricted)
rElec  .         Spirit   .     b - +1 cloak
SustAb .         Warding  .     (no gloves)
rMut   .         Stasis   .     (no boots)
Gourm  .                        y - amulet of Giplethrean {+Rage rC+ Dex+3}
MR     .....                    (no ring)
                                S - ring of invisibility

@: exhausted, slowed, very slow, not resistant to hostile enchantments, very
unstealthy
A: retaliatory headbutt, horns 2, clumsy 1, mutation resistance 1
a: Heroism, Finesse, Renounce Religion, Evoke Berserk Rage, Evoke Invisibility


You were on level 4 of the Lair of Beasts.
You worshipped Okawaru.
Okawaru was extremely pleased with you.
You were not hungry.

You visited 2 branches of the dungeon, and saw 12 of its levels.

You collected 759 gold pieces.
You spent 238 gold pieces at shops.

Inventory:

Hand weapons
 a - a +1 long sword
 r - a +8 long sword of holy wrath (weapon)
Missiles
 j - 23 stones
 E - 3 poisoned javelins (quivered)
Armour
 b - a +1 cloak (worn)
 c - a +3 shield
 u - a +0 cloak
 w - a +3 ring mail of poison resistance (worn)
 L - a +2 shield (worn)
 T - a +1 plate armour of magic resistance
Magical devices
 h - a wand of slowing (22)
 t - a wand of heal wounds (2)
 A - a wand of teleportation (7)
 B - a wand of cold (1)
 I - a wand of lightning (5) {unknown}
 K - a wand of draining (6) {unknown}
 P - a wand of slowing (10)
Comestibles
 d - a bread ration
 J - a royal jelly
 Q - 3 fruits
Scrolls
 f - a scroll of fog
 l - 2 scrolls of remove curse
 o - a scroll of amnesia
 p - 2 scrolls of recharging
 q - 3 scrolls of teleportation
 v - 2 scrolls of identify
 x - a scroll of magic mapping
 N - a scroll of silence {unknown}
Jewellery
 g - an uncursed amulet of rage
 m - an uncursed amulet of the gourmand
 n - an uncursed amulet of warding
 y - the amulet of Giplethrean (around neck) {+Rage rC+ Dex+3}
   (You took it off Blork the orc on level 8 of the Dungeon)

   [amulet of rage]

   It affects your dexterity (+3).
   It protects you from cold.
   It lets you go berserk.
 S - a ring of invisibility (left hand)
Potions
 e - 3 potions of might
 k - 2 potions of curing
 s - a potion of haste
 z - a potion of brilliance
 M - 2 potions of poison
 O - a potion of magic
 R - a potion of heal wounds
 U - a potion of restore abilities
Books
 i - a book of Changes

   Spells                             Type                      Level
   Beastly Appendage                  Transmutation                1
   Sticks to Snakes                   Transmutation                2
   Spider Form                        Transmutation/Poison         3
   Ice Form                           Ice/Transmutation            4
   Blade Hands                        Transmutation                5
 C - a Necronomicon {highlevel, unknown}

   This book is beyond your current level of understanding.

   Spells                             Type                      Level
   Haunt                              Necromancy/Summoning         7
   Borgnjor's Revivification          Necromancy                   8
   Death's Door                       Charms/Necromancy            8
   Necromutation                      Transmutation/Necromancy     8
 H - a book of Spatial Translocations

   Spells                             Type                      Level
   Apportation                        Translocation                1
   Blink                              Translocation                2
   Shroud of Golubria                 Charms/Translocation         2
   Portal Projectile                  Translocation                3
   Teleport Other                     Translocation                3
   Passage of Golubria                Translocation                4
Rods
 F - a -1 rod of the swarm (14/14)
   (You found it on level 2 of the Lair of Beasts)


   Skills:
 + Level 9.8 Fighting
 + Level 11.3 Long Blades
 + Level 3.0 Throwing
 + Level 9.0 Armour
 + Level 10.0 Dodging
 + Level 11.5 Shields
 + Level 1.7 Invocations
 + Level 1.4 Evocations


You had 10 spell levels left.
You didn't know any spells.

Dungeon Overview and Level Annotations

Branches:
Dungeon (8/15)             Temple (0/1) D:6            Lair (4/8) D:8
  Swamp: Lair:3-6    Shoals: Lair:3-6     Snake: Lair:3-6    Spider: Lair:3-6

Altars:
Ashenzari
Elyvilon
Fedhas
Makhleb
Nemelex Xobeh
Okawaru
Trog
Xom
Yredelemnul

Shops:
D:6 [


Innate Abilities, Weirdness & Mutations

You reflexively headbutt those who attack you in melee.
You have a pair of horns on your head.
You are clumsy. (Dex -2)
You are somewhat resistant to further mutation.


Message History

You block the raven's attack. The raven misses you.
The giant frog barely misses you. You furiously retaliate!
You headbutt the giant frog. You block the raven's attack.
You block the raven's attack. The ten-headed hydra barely misses you.
You furiously retaliate!
You headbutt the ten-headed hydra.
The ten-headed hydra bites you but does no damage.
The ten-headed hydra bites you! x2
The ten-headed hydra barely misses you.
The ten-headed hydra bites you but does no damage.
You block the ten-headed hydra's attack.
The ten-headed hydra closely misses you.
The ten-headed hydra bites you but does no damage. x2
The giant frog barely misses you. The raven pecks you!
* * * LOW HITPOINT WARNING * * *
The raven barely misses you. The ten-headed hydra bites you!
* * * LOW HITPOINT WARNING * * *
The ten-headed hydra barely misses you.
The ten-headed hydra closely misses you.
The ten-headed hydra bites you!
You die...

... .........
....%%..%..
.............
...............
...............#
#......r......[
P#.....FD#P......
........b@........
####............. #
#P...........#.
.#.#.........#....
..................
........<.......$..
###................
####.............
#....#.......


You could see a ten-headed hydra, a raven, a giant frog and a porcupine.

Vanquished Creatures
  A hydra (Lair:2)
  Joseph (Lair:1)
  5 spiny frogs
  Psyche (D:8)
  The ghost of runewalsh the Insei, an average OpTm (D:4)
  3 basilisks
  29 yaks
  8 blink frogs
  9 wolves
  3 ogres
  A necrophage (D:6)
  An ice beast (D:5)
  An orc warrior (D:7)
  5 porcupines
  5 water moccasins
  A black bear (D:7)
  The ghost of Protee the Chucker, an average OgHu (D:3)
  2 sky beasts (D:8)
  A phantom (D:4)
  2 centaurs
  5 crocodiles
  Blork the orc (D:8)
  A big kobold (D:8)
  7 giant frogs
  3 scorpions
  A hippogriff zombie (D:6)
  5 wights (D:8)
  A wandering mushroom (D:8)
  An electric eel (Lair:2)
  A crimson imp (D:5)
  3 goliath beetles
  A two-headed ogre zombie (D:8)
  4 iguanas
  3 giant frog skeletons
  5 hounds
  4 orc wizards
  6 worker ants
  A big kobold zombie (D:7)
  11 adders
  15 green rats (Lair:3)
  An orc skeleton (D:6)
  A worm (D:2)
  2 shadow imps (D:8)
  A gnoll zombie (D:5)
  An orc zombie (D:6)
  7 giant geckos
  An ooze (D:4)
  21 orcs
  A ball python (D:2)
  10 goblins
  11 hobgoblins
  10 jackals
  5 quokkas
  A ball python skeleton (D:3)
  13 bats
  2 giant cockroaches (D:2)
  4 giant newts
  A goblin zombie (D:5)
  A hobgoblin skeleton (D:4)
  A hobgoblin zombie (D:8)
  9 kobolds
  A kobold skeleton (D:4)
  9 rats
  A rat skeleton (D:8)
  A rat zombie (D:8)
  12 fungi (D:8)
  A plant (D:4)
289 creatures vanquished.

Vanquished Creatures (others)
  2 fungi
2 creatures vanquished.

Grand Total: 291 creatures vanquished

Notes
Turn   | Place    | Note
--------------------------------------------------------------
     0 | D:1      | PotatoesMaster, the Minotaur Fighter, began the quest for the Orb.
     0 | D:1      | Reached XP level 1. HP: 19/19 MP: 1/1
   578 | D:1      | Reached XP level 2. HP: 27/27 MP: 1/1
   743 | D:2      | Reached skill level 4 in Fighting
   859 | D:2      | Reached XP level 3. HP: 28/33 MP: 2/2
  1184 | D:2      | Found a shimmering altar of Xom.
  1389 | D:2      | Reached XP level 4. HP: 37/40 MP: 2/2
  2041 | D:3      | Found a sparkling altar of Nemelex Xobeh.
  2156 | D:3      | Found a shattered altar of Ashenzari.
  2338 | D:3      | Found a shattered altar of Ashenzari.
  2502 | D:3      | Noticed Protee's ghost (average OgHu)
  2511 | D:3      | Killed Protee's ghost
  2511 | D:3      | Reached skill level 5 in Armour
  2511 | D:3      | Reached skill level 1 in Dodging
  2511 | D:3      | Reached XP level 5. HP: 42/42 MP: 2/2
  2614 | D:4      | Reached skill level 5 in Shields
  2639 | D:4      | Noticed a phantom
  2769 | D:4      | Noticed runewalsh's ghost (average OpTm)
  2801 | D:4      | Killed a phantom
  2801 | D:4      | Reached XP level 6. HP: 14/48 MP: 3/3
  3219 | D:4      | Noticed an ogre
  3230 | D:4      | Killed an ogre
  3230 | D:4      | Reached skill level 5 in Fighting
  3402 | D:4      | Killed runewalsh's ghost
  3402 | D:4      | Reached skill level 6 in Armour
  3402 | D:4      | Reached XP level 7. HP: 56/56 MP: 3/3
  3762 | D:4      | Found a bloodstained altar of Trog.
  4009 | D:5      | Entered Level 5 of the Dungeon
  4059 | D:5      | Found an iron altar of Okawaru.
  4064 | D:5      | Found a blossoming altar of Fedhas.
  4070 | D:5      | Found a burning altar of Makhleb.
  4070 | D:5      | Found a basalt altar of Yredelemnul.
  4143 | D:5      | Became a worshipper of Warmaster Okawaru
  4277 | D:5      | Reached skill level 5 in Long Blades
  4787 | D:6      | Reached XP level 8. HP: 60/65 MP: 3/3
  4940 | D:6      | Reached skill level 7 in Armour
  4990 | D:6      | Reached skill level 1 in Throwing
  5204 | D:6      | Found a staircase to the Ecumenical Temple.
  5291 | D:6      | Found Shobb's Antique Armour Boutique.
  5298 | D:6      | Bought a cloak for 126 gold pieces
  5298 | D:6      | Bought a runed ring mail for 112 gold pieces
  5701 | D:7      | Acquired Okawaru's first power
  6019 | D:7      | Reached skill level 5 in Dodging
  6242 | D:8      | Noticed Blork the orc
  6667 | D:8      | Noticed a wandering mushroom
  6669 | D:8      | Found a staircase to the Lair.
  6952 | D:8      | Noticed Psyche
  6965 | D:8      | Killed Psyche
  6965 | D:8      | Reached XP level 9. HP: 56/74 MP: 4/4
  7381 | D:8      | Gained mutation: You are somewhat resistant to further mutation. [potion of beneficial mutation]
  7438 | D:8      | Reached skill level 8 in Shields
  7584 | D:8      | Killed a wandering mushroom
  7660 | D:8      | Killed Blork the orc
  7662 | D:8      | Got a flickering ruby amulet
  7858 | Lair:1   | Entered Level 1 of the Lair of Beasts
  8087 | Lair:1   | Reached skill level 9 in Shields
  8087 | Lair:1   | Reached XP level 10. HP: 49/88 MP: 3/5
  8112 | Lair:1   | Received a gift from Okawaru
  8311 | Lair:1   | Noticed a spiny frog
  8328 | Lair:1   | Killed a spiny frog
  8328 | Lair:1   | Reached skill level 1 in Invocations
  8393 | Lair:1   | Found a white marble altar of Elyvilon.
  8655 | Lair:1   | Noticed Joseph
  8671 | Lair:1   | Killed Joseph
  8713 | Lair:1   | Noticed a spiny frog
  8723 | Lair:1   | Killed a spiny frog
  8723 | Lair:1   | Reached skill level 1 in Evocations
  8948 | Lair:1   | Reached skill level 10 in Shields
  9046 | Lair:1   | Gained mutation: You are clumsy. (Dex -2) [potion of mutation]
  9278 | Lair:2   | Identified the amulet of Giplethrean {+Rage rC+ Dex+3} (You took it off Blork the orc on level 8 of the Dungeon)
  9400 | Lair:2   | Noticed an eight-headed hydra
  9417 | Lair:2   | Reached XP level 11. HP: 84/95 MP: 6/6
  9436 | Lair:2   | Killed a 17-headed hydra
  9436 | Lair:2   | Reached skill level 10 in Long Blades
  9437 | Lair:2   | Acquired Okawaru's second power
 10115 | Lair:2   | Reached skill level 11 in Shields
 10262 | Lair:2   | Received a gift from Okawaru
 11786 | Lair:4   | Reached skill level 10 in Dodging
 11802 | Lair:4   | Noticed an eight-headed hydra
 11813 | Lair:4   | Slain by a ten-headed hydra

Action                   |  1- 3 |  4- 6 |  7- 9 | 10-12 || total
-------------------------+-------+-------+-------+-------++-------
Melee: Long sword        |    67 |   144 |   539 |   361 ||  1111
Throw: Stone             |       |       |     6 |     3 ||     9
       Javelin           |       |       |       |    13 ||    13
Invok: Heroism           |       |       |     3 |     4 ||     7
 Abil: Evoke Berserk Rag |       |     2 |     4 |     4 ||    10
Evoke: Wand              |       |       |       |     2 ||     2
  Use: Scroll            |     6 |     3 |    12 |     8 ||    29
       Potion            |     2 |     4 |     6 |     4 ||    16
  Eat: Chunk             |     2 |     4 |     1 |    11 ||    18
       Fruit             |       |     3 |       |     1 ||     4
       Bread ration      |       |     1 |     3 |       ||     4
       Beef jerky        |       |       |     1 |     2 ||     3
       Pizza             |       |       |       |     1 ||     1
